TOP OF THE 1ST |
Cleveland (APP) Indians batting - Pitching for Orem Owlz : LHP Aqissiaq Storch
|
Pitching: LHP Aqissiaq Storch
|
|
Batting: RHB Steve Gusman
|
0-0: Ball 1-0: Ground out 1-3 (Groundball, 15S, EV 65.0 MPH)
|
Batting: RHB Kenzo Shinoda
|
0-0: Ball 1-0: Ball 2-0: Ball 3-0: Called Strike 3-1: Called Strike 3-2: Fly out, F3 (Popup, 23F, EV 83.8 MPH)
|
Batting: RHB Andy Lewis
|
0-0: Ground out 5-3 (Groundball, 56S, EV 87.5 MPH)
|
Top of the 1st over - 0 runs, 0 hits, 0 errors, 0 left on base; Cleveland (APP) 0 - Orem 0 |
BOTTOM OF THE 1ST |
Orem Owlz batting - Pitching for Cleveland (APP) Indians : RHP Jeff Degel
|
Pitching: RHP Jeff Degel
|
|
Batting: RHB Daniel Molina
|
0-0: Called Strike 0-1: Foul Ball, location: 2F 0-2: Ball 1-2: Strikes out swinging
|
Batting: RHB Nick Lombardo
|
0-0: Called Strike 0-1: Swinging Strike 0-2: Ball 1-2: Strikes out swinging
|
Batting: RHB Dan Thomey
|
0-0: Foul Ball, location: 2F 0-1: Ball 1-1: Foul Ball, location: 2F 1-2: Foul Ball, location: 2F 1-2: Ball 2-2: Foul Ball, location: 2F 2-2: Strikes out swinging
|
Bottom of the 1st over - 0 runs, 0 hits, 0 errors, 0 left on base; Cleveland (APP) 0 - Orem 0 |
TOP OF THE 2ND |
Cleveland (APP) Indians batting - Pitching for Orem Owlz : LHP Aqissiaq Storch
|
Batting: RHB Ricky Cordova
|
0-0: Ball 1-0: Ball 2-0: Foul Ball, location: 2F 2-1: Swinging Strike 2-2: Ball 3-2: SINGLE (Line Drive, 89S, EV 88.1 MPH)
|
Batting: RHB Ricky Butts
|
0-0: Called Strike 0-1: Ball 1-1: Fly out, F8 (Flyball, 8LD, EV 94.4 MPH)
|
Batting: SHB Javon Mitchell
|
0-0: Ball Ricky Cordova steals 2nd base 1-0: Ground out 5-3 (Groundball, 5, EV 84.4 MPH)
|
Batting: RHB Reynaldo Herrera
|
0-0: Ball 1-0: Ball 2-0: Ball 3-0: Base on Balls
|
Batting: RHB Nick Gossman
|
0-0: Ball 1-0: Swinging Strike 1-1: Ball 2-1: Ball 3-1: Called Strike 3-2: Ground out 6-3 (Groundball, 6, EV 81.2 MPH)
|
Top of the 2nd over - 0 runs, 1 hit, 0 errors, 2 left on base; Cleveland (APP) 0 - Orem 0 |
BOTTOM OF THE 2ND |
Orem Owlz batting - Pitching for Cleveland (APP) Indians : RHP Jeff Degel
|
Batting: RHB Peter Westover
|
0-0: Called Strike 0-1: Ball 1-1: Fly out, F4 (Popup, 34, EV 74.4 MPH)
|
Batting: RHB Kyle Gray
|
0-0: Ball 1-0: Ball 2-0: Ball 3-0: Base on Balls
|
Batting: RHB Dan Burkhart
|
0-0: Called Strike 0-1: Called Strike 0-2: Ball 1-2: Strikes out looking
|
Batting: RHB Dan Myers
|
0-0: Called Strike 0-1: Ball 1-1: Ball 2-1: Ball 3-1: Base on Balls Kyle Gray to second
|
Batting: RHB Rory Cobb
|
0-0: Called Strike 0-1: Ball 1-1: Ball 2-1: Foul Ball, location: 2F 2-2: Foul Ball, location: 2F 2-2: Ball 3-2: SINGLE (Flyball, 9LS, EV 86.2 MPH) Kyle Gray to third Dan Myers to second Kyle Gray scores Dan Myers to third
|
Batting: SHB Danny Gelinas
|
0-0: Fly out, F4 (Line Drive, 4, EV 70.0 MPH)
|
Bottom of the 2nd over - 1 run, 1 hit, 0 errors, 2 left on base; Cleveland (APP) 0 - Orem 1 |
TOP OF THE 3RD |
Cleveland (APP) Indians batting - Pitching for Orem Owlz : LHP Aqissiaq Storch
|
Batting: RHB Anibal Casteles
|
0-0: Called Strike 0-1: Ball 1-1: Ball 2-1: Ball 3-1: Foul Ball, location: 2F 3-2: Strikes out swinging
|
Batting: RHB Steve Gusman
|
0-0: Ball 1-0: Ball 2-0: Fly out, F9 (Flyball, 89D, EV 96.2 MPH)
|
Batting: RHB Kenzo Shinoda
|
0-0: Swinging Strike 0-1: Swinging Strike 0-2: Ball 1-2: Ball 2-2: Foul Ball, location: 2F 2-2: Ball 3-2: Ground out 6-3 (Groundball, P, EV 91.9 MPH)
|
Top of the 3rd over - 0 runs, 0 hits, 0 errors, 0 left on base; Cleveland (APP) 0 - Orem 1 |
BOTTOM OF THE 3RD |
Orem Owlz batting - Pitching for Cleveland (APP) Indians : RHP Jeff Degel
|
Batting: RHB Daniel Molina
|
0-0: Called Strike 0-1: Fly out, F9 (Flyball, 89M, EV 90.0 MPH)
|
Batting: RHB Nick Lombardo
|
0-0: Foul Ball, location: 2F 0-1: Ground out 6-3 (Groundball, 6, EV 107.5 MPH)
|
Batting: RHB Dan Thomey
|
0-0: Called Strike 0-1: Foul Ball, location: 2F 0-2: Ball 1-2: Ball 2-2: Foul Ball, location: 2F 2-2: Strikes out swinging
|
Bottom of the 3rd over - 0 runs, 0 hits, 0 errors, 0 left on base; Cleveland (APP) 0 - Orem 1 |
TOP OF THE 4TH |
Cleveland (APP) Indians batting - Pitching for Orem Owlz : LHP Aqissiaq Storch
|
Batting: RHB Andy Lewis
|
0-0: Ball 1-0: Ball 2-0: Ball 3-0: Base on Balls
|
Batting: RHB Ricky Cordova
|
0-0: Foul Ball, location: 2F 0-1: Ball 1-1: Called Strike Andy Lewis steals 2nd base 1-2: Ball 2-2: Foul Ball, location: 2F 2-2: Foul Ball, location: 2F 2-2: Fly out, F2 (Popup, 2RF, EV 95.0 MPH)
|
Batting: RHB Ricky Butts
|
0-0: SINGLE (Groundball, 34D, EV 98.8 MPH) Andy Lewis to third
|
Batting: SHB Javon Mitchell
|
0-0: SINGLE (Groundball, 6M, EV 105.6 MPH) (infield hit) Andy Lewis scores Ricky Butts to second
|
Batting: RHB Reynaldo Herrera
|
0-0: Ball 1-0: Called Strike 1-1: Ball 2-1: Called Strike 2-2: Fielders Choice at 2nd, 6-4 (Groundball, 6, EV 83.8 MPH) Ricky Butts to third
|
Batting: RHB Nick Gossman
|
0-0: Ball 1-0: Ball 2-0: Foul Ball, location: 2F 2-1: Ball 3-1: Base on Balls Reynaldo Herrera to second
|
Batting: RHB Anibal Casteles
|
0-0: Called Strike 0-1: Ball 1-1: Foul Ball, location: 2F 1-2: Ball 2-2: Foul Ball, location: 2F 2-2: Ball 3-2: Foul Ball, location: 2F 3-2: Strikes out swinging
|
Top of the 4th over - 1 run, 2 hits, 0 errors, 3 left on base; Cleveland (APP) 1 - Orem 1 |
BOTTOM OF THE 4TH |
Orem Owlz batting - Pitching for Cleveland (APP) Indians : RHP Jeff Degel
|
Batting: RHB Peter Westover
|
0-0: Foul Ball, location: 2F 0-1: Swinging Strike 0-2: Foul Ball, location: 2F 0-2: Ball 1-2: Foul Ball, location: 2F 1-2: Strikes out swinging
|
Batting: RHB Kyle Gray
|
0-0: Ball 1-0: Ball 2-0: Ball 3-0: Called Strike 3-1: Called Strike 3-2: Base on Balls
|
Batting: RHB Dan Burkhart
|
0-0: Called Strike 0-1: Ball 1-1: Foul Ball, location: 2F 1-2: Strikes out swinging
|
Batting: RHB Dan Myers
|
0-0: Ball 1-0: TRIPLE (Flyball, 9LD, EV 103.1 MPH) Kyle Gray scores
|
Batting: RHB Rory Cobb
|
0-0: Foul Ball, location: 2F 0-1: Swinging Strike 0-2: Ball 1-2: Strikes out swinging
|
Bottom of the 4th over - 1 run, 1 hit, 0 errors, 1 left on base; Cleveland (APP) 1 - Orem 2 |
TOP OF THE 5TH |
Cleveland (APP) Indians batting - Pitching for Orem Owlz : LHP Aqissiaq Storch
|
Batting: RHB Steve Gusman
|
0-0: Ball 1-0: Ball 2-0: Ball 3-0: Called Strike 3-1: Foul Ball, location: 2F 3-2: Fly out, F6 (Line Drive, 6, EV 66.2 MPH)
|
Batting: RHB Kenzo Shinoda
|
0-0: Ball 1-0: Called Strike 1-1: Foul Ball, location: 2F 1-2: Foul Ball, location: 2F 1-2: Strikes out looking
|
Batting: RHB Andy Lewis
|
0-0: Ball 1-0: Ball 2-0: Swinging Strike 2-1: Ball 3-1: Swinging Strike 3-2: Base on Balls
|
Batting: RHB Ricky Cordova
|
0-0: Called Strike Andy Lewis steals 2nd base 0-1: Ball 1-1: Fly out, F8 (Flyball, 8LD, EV 86.2 MPH)
|
Top of the 5th over - 0 runs, 0 hits, 0 errors, 1 left on base; Cleveland (APP) 1 - Orem 2 |
BOTTOM OF THE 5TH |
Orem Owlz batting - Pitching for Cleveland (APP) Indians : RHP Jeff Degel
|
Batting: SHB Danny Gelinas
|
0-0: Called Strike 0-1: Ball 1-1: Ball 2-1: Ball 3-1: Base on Balls
|
Batting: RHB Daniel Molina
|
0-0: Ball 1-0: Called Strike 1-1: Foul Ball, location: 2F 1-2: Strikes out swinging
|
Batting: RHB Nick Lombardo
|
0-0: Foul Ball, location: 2F 0-1: Foul Ball, location: 2F 0-2: Ball 1-2: Strikes out swinging
|
Batting: RHB Dan Thomey
|
0-0: Foul Ball, location: 2F 0-1: Foul Ball, location: 2F 0-2: Ball 1-2: Ball 2-2: Foul Ball, location: 2F 2-2: Ball 3-2: Foul Ball, location: 2F 3-2: Fly out, F4 (Flyball, 34D, EV 88.1 MPH)
|
Bottom of the 5th over - 0 runs, 0 hits, 0 errors, 1 left on base; Cleveland (APP) 1 - Orem 2 |
TOP OF THE 6TH |
Cleveland (APP) Indians batting - Pitching for Orem Owlz : LHP Aqissiaq Storch
|
Batting: RHB Ricky Butts
|
0-0: Ball 1-0: SINGLE (Groundball, 6MD, EV 98.1 MPH)
|
Pitching: RHP Jeff Shelton
|
|
Batting: SHB Javon Mitchell
|
0-0: Ball 1-0: Ball 2-0: Ball 3-0: Called Strike 3-1: SINGLE (Groundball, 4MD, EV 95.6 MPH) Ricky Butts to second
|
Batting: RHB Reynaldo Herrera
|
0-0: Foul Ball, location: 2F 0-1: Foul Ball, location: 2F 0-2: Ball 1-2: Strikes out swinging
|
Batting: LHB Devon Grant
|
0-0: Ball 1-0: Foul Ball, location: 2F 1-1: Foul Ball, location: 2F 1-2: Strikes out swinging
|
Batting: RHB Anibal Casteles
|
0-0: Called Strike 0-1: Swinging Strike 0-2: Ball 1-2: Strikes out swinging
|
Top of the 6th over - 0 runs, 2 hits, 0 errors, 2 left on base; Cleveland (APP) 1 - Orem 2 |
BOTTOM OF THE 6TH |
Orem Owlz batting - Pitching for Cleveland (APP) Indians : RHP Jeff Degel
|
Batting: RHB Peter Westover
|
0-0: Ball 1-0: Ball 2-0: Foul Ball, location: 2F 2-1: Swinging Strike 2-2: Ball 3-2: Strikes out looking
|
Batting: RHB Kyle Gray
|
0-0: Ball 1-0: Foul Ball, location: 2F 1-1: Foul Ball, location: 2F 1-2: Ball 2-2: Strikes out swinging
|
Batting: RHB Dan Burkhart
|
0-0: Foul Ball, location: 2F 0-1: Called Strike 0-2: Ball 1-2: Foul Ball, location: 2F 1-2: Ball 2-2: Strikes out swinging
|
Bottom of the 6th over - 0 runs, 0 hits, 0 errors, 0 left on base; Cleveland (APP) 1 - Orem 2 |
TOP OF THE 7TH |
Cleveland (APP) Indians batting - Pitching for Orem Owlz : RHP Jeff Shelton
|
Batting: RHB Steve Gusman
|
0-0: Ball 1-0: Ball 2-0: Called Strike 2-1: Ground out 6-3 (Groundball, 6, EV 101.9 MPH)
|
Pinch Hitting: LHB Shane Montalvo
|
0-0: Called Strike 0-1: Ground out 4-3 (Groundball, 4, EV 82.5 MPH)
|
Batting: RHB Andy Lewis
|
0-0: Ground out U3 (Groundball, 3L, EV 92.5 MPH)
|
Top of the 7th over - 0 runs, 0 hits, 0 errors, 0 left on base; Cleveland (APP) 1 - Orem 2 |
BOTTOM OF THE 7TH |
Orem Owlz batting - Pitching for Cleveland (APP) Indians : RHP Jeff Degel
|
Now in LF: Andy Lewis
|
|
Now in CF: Steve Gusman
|
|
Now in RF: Shane Montalvo
|
|
Batting: RHB Dan Myers
|
0-0: Ball 1-0: Foul Ball, location: 2F 1-1: Reached on error, E5 (Groundball, 5L, EV 102.5 MPH)
|
Batting: RHB Rory Cobb
|
0-0: Ball Dan Myers is caught stealing 2nd base 2-4 1-0: Swinging Strike 1-1: Foul Ball, location: 2F 1-2: Foul Ball, location: 2F 1-2: Ball 2-2: Foul Ball, location: 2F 2-2: Strikes out looking
|
Pitching: RHP Ian Nordquist
|
|
Batting: SHB Danny Gelinas
|
0-0: SOLO HOME RUN (Flyball, 9LD, EV 93.8 MPH), Distance : 348 ft
|
Batting: RHB Daniel Molina
|
0-0: Ball 1-0: Called Strike 1-1: Foul Ball, location: 2F 1-2: Foul Ball, location: 2F 1-2: Foul Ball, location: 2F 1-2: Ball 2-2: Ball 3-2: Base on Balls
|
Batting: RHB Nick Lombardo
|
0-0: Ball Daniel Molina steals 2nd base 1-0: Ball 2-0: Called Strike 2-1: Swinging Strike 2-2: Ball 3-2: Foul Ball, location: 2F 3-2: Base on Balls
|
Batting: RHB Dan Thomey
|
0-0: Ball 1-0: Fielders Choice at 2nd, U6 (Groundball, 6M, EV 92.5 MPH)
|
Bottom of the 7th over - 1 run, 1 hit, 1 error, 2 left on base; Cleveland (APP) 1 - Orem 3 |
TOP OF THE 8TH |
Cleveland (APP) Indians batting - Pitching for Orem Owlz : RHP Jeff Shelton
|
Batting: RHB Ricky Cordova
|
0-0: Called Strike 0-1: Swinging Strike 0-2: Foul Ball, location: 2F 0-2: SINGLE (Groundball, 25, EV 65.6 MPH) (infield hit)
|
Batting: RHB Ricky Butts
|
0-0: Called Strike 0-1: Foul Ball, location: 2F 0-2: Foul Ball, location: 2F 0-2: Ball 1-2: Strikes out looking
|
Pitching: LHP Tyler MacLean
|
|
Batting: SHB Javon Mitchell
|
0-0: Ball 1-0: Called Strike 1-1: Ball 2-1: Foul Ball, location: 2F 2-2: Fly out, F8 (Flyball, 8LS, EV 86.9 MPH)
|
Batting: RHB Reynaldo Herrera
|
0-0: Ball 1-0: Ball 2-0: Ball 3-0: Base on Balls Ricky Cordova to second
|
Batting: RHB Gary Ming
|
0-0: Swinging Strike 0-1: Ball 1-1: Called Strike 1-2: Strikes out swinging
|
Top of the 8th over - 0 runs, 1 hit, 0 errors, 2 left on base; Cleveland (APP) 1 - Orem 3 |
BOTTOM OF THE 8TH |
Orem Owlz batting - Pitching for Cleveland (APP) Indians : RHP Ian Nordquist
|
Batting: RHB Peter Westover
|
0-0: Ball 1-0: Swinging Strike 1-1: Fly out, F9 (Flyball, 89M, EV 83.8 MPH)
|
Batting: RHB Kyle Gray
|
0-0: Called Strike 0-1: Ball 1-1: SINGLE (Flyball, 3D, EV 93.1 MPH)
|
Batting: RHB Dan Burkhart
|
0-0: Ball 1-0: Foul Ball, location: 2F 1-1: Foul Ball, location: 2F 1-2: Strikes out looking
|
Batting: RHB Dan Myers
|
0-0: Ball 1-0: Swinging Strike 1-1: Ball 2-1: Foul Ball, location: 2F 2-2: Strikes out swinging
|
Bottom of the 8th over - 0 runs, 1 hit, 0 errors, 1 left on base; Cleveland (APP) 1 - Orem 3 |
TOP OF THE 9TH |
Cleveland (APP) Indians batting - Pitching for Orem Owlz : LHP Tyler MacLean
|
Batting: RHB Anibal Casteles
|
0-0: Foul Ball, location: 2F 0-1: Called Strike 0-2: Ball 1-2: Ground out 5-3 (Groundball, 56, EV 92.5 MPH)
|
Batting: RHB Steve Gusman
|
0-0: Ground out 3-1 (Groundball, 34S, EV 83.8 MPH)
|
Batting: LHB Shane Montalvo
|
0-0: Ball 1-0: Ground out U3 (Groundball, 34S, EV 85.0 MPH)
|
Top of the 9th over - 0 runs, 0 hits, 0 errors, 0 left on base; Cleveland (APP) 1 - Orem 3 |
|